 Dungeon Crawl Stone Soup version 0.23.2-33-g5129a83184 (webtiles) character file.

Game seed: 3116976390886326197

6167 Exodus22XD the Thaumaturge (level 10, -1/50 HPs)
             Began as a Deep Elf Wizard on July 2, 2019.
             Was a Priest of Sif Muna.
             Slain by a sphinx (11 damage)
             ... on level 9 of the Dungeon.
             The game lasted 01:11:45 (12279 turns).

Exodus22XD the Thaumaturge (Deep Elf Wizard)       Turns: 12279, Time: 01:11:46

Health: -1/50      AC:  6    Str:  4    XL:     10   Next: 60%
Magic:  8/26       EV: 13    Int: 27    God:    Sif Muna [***...]
Gold:   353        SH:  0    Dex: 13    Spells: 11/29 levels left

rFire    . . .     SeeInvis +   u - +10 whip of the Depths {flame, +Inv SInv}
rCold    + + .     Gourm    +   (no shield)
rNeg     . . .     Faith    .   A - +1 robe "Dytsun" {rC++} (curse)
rPois    .         Spirit   .   i - +1 helmet
rElec    .         Reflect  .   l - scarf {cloud immunity}
rCorr    .         Harm     .   j - +0 pair of gloves
MR       +....                  (no boots)
Stlth    ++........             k - amulet of the gourmand
HPRegen  0.16/turn              D - ring of ice
MPRegen  0.20/turn              v - ring of fire

@: no status effects
A: no striking features
a: Divine Energy, Channel Magic, Renounce Religion, Evoke Invisibility


You were on level 9 of the Dungeon.
You worshipped Sif Muna.
Sif Muna was most pleased with you.
You were very full.

You visited 1 branch of the dungeon, and saw 9 of its levels.

You collected 506 gold pieces.
You spent 153 gold pieces at shops.

Inventory:

Hand Weapons
 e - a +1 mace of venom
 u - the +10 whip of the Depths (weapon) {flame, +Inv SInv}
   (You found it on level 6 of the Dungeon)

   It has been specially enchanted to burn those struck by it, causing extra
   injury to most foes and up to half again as much damage against particularly
   susceptible opponents.
   It lets you see invisible.
   It lets you turn invisible.
 y - the +0 dagger of Income {flame, *Rage rC++}
   (You found it on level 5 of the Dungeon)

   It has been specially enchanted to burn those struck by it, causing extra
   injury to most foes and up to half again as much damage against particularly
   susceptible opponents.
   It greatly protects you from cold.
   It may make you go berserk in combat.
Armour
 i - a +1 helmet (worn)
 j - a +0 pair of gloves (worn)
 l - a scarf of cloud immunity (worn)
 A - the cursed +1 robe "Dytsun" (worn) {rC++}
   (You bought it in a shop on level 7 of the Dungeon)

   It greatly protects you from cold.
   It has a curse placed upon it.
Jewellery
 k - an amulet of the gourmand (around neck)
 v - a ring of fire (right hand)
 D - a ring of ice (left hand)
Wands
 o - a wand of flame (25)
 w - a wand of random effects (9)
Scrolls
 a - a scroll of acquirement {unknown}
 c - 4 scrolls of magic mapping
 f - 3 scrolls of teleportation
 g - a scroll of fog
 h - 2 scrolls of immolation
 q - 4 scrolls of remove curse
 t - 2 scrolls of amnesia
 x - a scroll of noise {unknown}
 z - a scroll of torment {unknown}
Potions
 m - a potion of cancellation {unknown}
 n - a potion of haste {unknown}
 p - a potion of curing
 r - 2 potions of mutation {unknown}
 s - a potion of agility {unknown}
 B - a potion of heal wounds {unknown}
 C - a potion of invisibility {unknown}
 F - a potion of degeneration {unknown}
Comestibles
 d - 20 rations


   Skills:
 - Level 2.4 Dodging
 - Level 2.4 Stealth
 * Level 10.2 Spellcasting
 - Level 10.0 Conjurations
 - Level 6.6 Hexes
 - Level 3.2 Summonings
 - Level 2.5 Translocations
 - Level 7.2 Fire Magic
 - Level 3.4 Poison Magic
 - Level 5.7 Invocations


You had 11 spell levels left.
You knew the following spells:

 Your Spells              Type           Power        Failure   Level  Hunger
a - Magic Dart            Conj           ####         1%          1    None
b - Call Imp              Summ           ####....     1%          2    None
c - Blink                 Tloc           N/A          2%          2    None
d - Conjure Flame         Conj/Fire      ######..     1%          3    None
e - Mephitic Cloud        Conj/Pois/Air  #####...     1%          3    None
f - Inner Flame           Hex/Fire       ######..     1%          3    None
g - Cause Fear            Hex            #####.....   2%          4    None

Your spell library contained the following spells:

 Spells                   Type           Power        Failure   Level  Hunger
 Corona                   Hex            #####..      1%          1    None
 Slow                     Hex            #####...     1%          2    None
 Portal Projectile        Hex/Tloc       #####.       1%          3    None
 Leda's Liquefaction      Hex/Erth       ####......   11%         4    None


Dungeon Overview and Level Annotations

Branches:
Dungeon (9/15)             Temple (0/1) D:7            Lair (0/6) D:9
    Orc: D:9-12

Altars:
Dithmenos
Gozag
Kikubaaqudgha
Nemelex Xobeh
Okawaru
Sif Muna
Trog
Xom
The Shining One

Shops:
D:7 :![

Annotations:
D:6 2 transporters, PeSeC's ghost, novice HOFi


Message History

Unknown command.
You feel better.
The sphinx is engulfed in blazing flames.
Unknown command.
Casting: Mephitic Cloud (safe; 1% risk of failure)
Confirm with . or Enter, or press ? or * to list all spells.
Aiming: Magic Dart (safe; 1% risk of failure)
Press: ? - help, Shift-Dir - straight line, f/p - sphinx
Aim: a sphinx (flame, heavily wounded, confused)
The magic dart hits the sphinx.
The sphinx is heavily wounded.
The sphinx seems less confused.
The sphinx is engulfed in blazing flames.
The sphinx hits you!!
* * * LOW HITPOINT WARNING * * *
The sphinx misses you. The sphinx barely misses you.
A shadow comes into view.
The sphinx is engulfed in blazing flames.
The sphinx hits you!
You die...

......# ######......... ......#
#.......###...[ ......#
#.......###.... ...#### ##+##
#.............. ...#### #...#
#.............. ......# +...+
#.............. ......# #...#
#..............
......######W######..............
..............FH@................
#################################


You could see a sphinx, a shadow (wandering) and a bullfrog.

Vanquished Creatures
  2 two-headed ogres (D:9)
  Pikel (D:4)
  A troll (D:9)
  Prince Ribbit (D:5)
  Menkaure (D:5)
  A water moccasin (D:9)
  3 ice beasts
  A sky beast (D:5)
  2 phantoms
  2 necrophages
  5 ogres
  2 wolves (D:9)
  4 centaurs
  3 eyes of draining (D:3)
  A bullfrog (D:8)
  2 big kobolds
  A water moccasin skeleton (D:8)
  2 scorpions
  9 killer bees (D:7)
  2 centaur zombies (D:7)
  4 crimson imps
  A quasit (D:8)
  A bullfrog zombie (D:6)
  A centaur skeleton (D:5)
  8 hounds
  6 jellies
  2 orc wizards (D:8)
  2 iguanas (D:5)
  12 worker ants
  2 worker ant zombies (D:7)
  5 gnolls (D:3)
  11 adders
  A shadow imp (D:6)
  6 oozes
  2 adder skeletons
  2 worms (D:3)
  3 dart slugs
  6 leopard geckos
  6 orcs
  5 giant cockroaches
  4 goblins
  5 hobgoblins
  9 jackals
  3 quokkas
  2 ball pythons
  3 bats (D:1)
  2 frilled lizards
  19 kobolds
  A leopard gecko skeleton (D:4)
  6 rats
186 creatures vanquished.

Vanquished Creatures (collateral kills)
  A slave (D:4)
1 creature vanquished.

Grand Total: 187 creatures vanquished

Notes
Turn   | Place    | Note
-------+----------+-------------------------------------------
     0 | D:1      | Exodus22XD the Deep Elf Wizard began the quest for the Orb.
     0 | D:1      | Reached XP level 1. HP: 10/10 MP: 7/7
   188 | D:1      | Reached XP level 2. HP: 12/15 MP: 2/9
   671 | D:1      | Learned a level 2 spell: Call Imp
  1160 | D:2      | Reached XP level 3. HP: 19/19 MP: 7/10
  2059 | D:3      | Learned a level 2 spell: Blink
  2111 | D:3      | Reached XP level 4. HP: 19/24 MP: 8/12
  2116 | D:3      | Learned a level 3 spell: Conjure Flame
  2310 | D:3      | Noticed an eye of draining
  2390 | D:3      | Noticed an eye of draining
  2409 | D:3      | Killed an eye of draining
  2409 | D:3      | Reached XP level 5. HP: 28/28 MP: 0/13
  2544 | D:3      | Killed an eye of draining
  2544 | D:3      | Reached skill level 5 in Spellcasting
  2664 | D:3      | Noticed an eye of draining
  2681 | D:3      | Killed an eye of draining
  2681 | D:3      | Reached XP level 6. HP: 32/32 MP: 0/16
  2777 | D:3      | Found a bloodstained altar of Trog.
  2856 | D:3      | Learned a level 3 spell: Mephitic Cloud
  2888 | D:3      | Reached skill level 1 in Poison Magic
  3274 | D:4      | Reached XP level 7. HP: 13/36 MP: 0/17
  3559 | D:4      | Noticed Pikel
  4320 | D:4      | Killed Pikel
  4519 | D:5      | Entered Level 5 of the Dungeon
  4520 | D:5      | Noticed Prince Ribbit
  4529 | D:5      | Killed Prince Ribbit
  4529 | D:5      | Reached XP level 8. HP: 41/41 MP: 1/18
  4688 | D:5      | Noticed Menkaure
  4698 | D:5      | Killed Menkaure
  4698 | D:5      | Reached skill level 5 in Fire Magic
  4873 | D:5      | Found a glowing golden altar of the Shining One.
  5125 | D:5      | Got a dazzling dagger
  5126 | D:5      | Identified the cursed +0 dagger of Income {flame, *Rage
                  | rC++} (You found it on level 5 of the Dungeon)
  5563 | D:5      | Found a deep blue altar of Sif Muna.
  5626 | D:5      | Became a worshipper of Sif Muna the Loreminder
  6173 | D:6      | Found an opulent altar of Gozag.
  6502 | D:6      | Got a twisted whip
  6503 | D:6      | Identified the +10 whip of the Depths {flame, +Inv SInv}
                  | (You found it on level 6 of the Dungeon)
  6535 | D:6      | Found a shimmering altar of Xom.
  6570 | D:6      | Noticed a queen bee
  6593 | D:6      | Noticed PeSeC's ghost (novice HOFi)
  6598 | D:6      | Found a transporter.
  6602 | D:6      | Found a transporter.
  6694 | D:6      | Reached XP level 9. HP: 45/45 MP: 14/23
  6738 | D:6      | Found an iron altar of Okawaru.
  7016 | D:6      | Found a shadowy altar of Dithmenos.
  7390 | D:7      | Found a staircase to the Ecumenical Temple.
  7545 | D:7      | Reached * piety under Sif Muna
  7731 | D:7      | Found Vausch's Book Shop.
  7944 | D:7      | Found Qorphuamis's Distillery.
  8018 | D:7      | Learned a level 3 spell: Inner Flame
  8300 | D:7      | Found Vestrex's Antique Armour Shoppe.
  8320 | D:7      | Bought a silken robe for 153 gold pieces
  8330 | D:7      | Identified the cursed +1 robe "Dytsun" {rC++} (You bought
                  | it in a shop on level 7 of the Dungeon)
  8982 | D:8      | Reached skill level 10 in Conjurations
  9547 | D:8      | Reached ** piety under Sif Muna
  9547 | D:8      | Reached skill level 1 in Hexes
  9619 | D:8      | Reached skill level 1 in Invocations
  9863 | D:8      | Found an opulent altar of Gozag.
  9864 | D:8      | Found a sparkling altar of Nemelex Xobeh.
 10342 | D:8      | Reached XP level 10. HP: 50/50 MP: 17/24
 10555 | D:9      | Learned a level 4 spell: Cause Fear
 11159 | D:9      | Noticed a two-headed ogre
 11175 | D:9      | Killed a two-headed ogre
 11175 | D:9      | Reached skill level 5 in Hexes
 11676 | D:9      | Reached skill level 5 in Invocations
 11868 | D:9      | Found a staircase to the Lair.
 12060 | D:9      | Found an ancient bone altar of Kikubaaqudgha.
 12259 | D:9      | Noticed a two-headed ogre
 12270 | D:9      | Noticed a sphinx
 12271 | D:9      | HP: 2/50 [two-headed ogre/+0 giant spiked club (21)]
 12272 | D:9      | Killed a two-headed ogre
 12272 | D:9      | Reached *** piety under Sif Muna
 12272 | D:9      | Reached skill level 10 in Spellcasting
 12279 | D:9      | Slain by a sphinx

Skill      XL: |  1  2  3  4  5  6  7  8  9 10 |
---------------+-------------------------------+-----
Conjurations   | 2 3 4 7 10 | 10.0
Summonings     | 3 |  3.2
Translocations | 2 |  2.5
Fire Magic     | 2 3 4 5 7 |  7.2
Spellcasting   | 5 8 10 | 10.2
Poison Magic   | 2 3 |  3.4
Hexes          | 3 6 |  6.6
Invocations    | 3 5 |  5.7
Dodging        | |  2.4
Stealth        | |  2.4

Action                   |  1- 3 |  4- 6 |  7- 9 | 10-12 || total
-------------------------+-------+-------+-------+-------++-------
Melee: Mace              |    16 |     2 |     1 |       ||    19
 Cast: Magic Dart        |    98 |    72 |   380 |   128 ||   678
       Conjure Flame     |       |     4 |    28 |     7 ||    39
       Mephitic Cloud    |       |     3 |    22 |    13 ||    38
       Blink             |       |     3 |     5 |     1 ||     9
       Call Imp          |       |     2 |     8 |       ||    10
       Inner Flame       |       |       |     1 |     1 ||     2
       Cause Fear        |       |       |       |     2 ||     2
Evoke: Wand              |       |       |     5 |    13 ||    18
  Use: Scroll            |       |       |     9 |     4 ||    13
       Potion            |       |       |       |     5 ||     5
  Eat: Chunk             |     3 |     4 |    26 |     4 ||    37
       Ration            |       |       |     1 |       ||     1
Armor: Robe              |     6 |     2 |    15 |    11 ||    34
Dodge: Dodged            |    22 |    10 |    65 |    58 ||   155
